 Dungeon Crawl Stone Soup version 0.25.1-2-g60ff931 (webtiles) character file.

Game seed: 16791155872045323780

482685 ringo67 the Metallomancer (level 24, 0/151 HPs)
             Began as a Gargoyle Earth Elementalist on Aug 12, 2020.
             Was the Champion of Vehumet.
             Hit by a large rock thrown by a stone giant (16 damage)
             ... while paralysed by a sphinx
             ... on level 5 of the Vaults on Aug 14, 2020.
             The game lasted 06:54:23 (81135 turns).

ringo67 the Metallomancer (GrEE)                   Turns: 81135, Time: 06:54:25

Health: 0/151      AC: 32    Str: 14    XL:     24   Next: 57%
Magic:  42/42      EV:  2    Int: 41    God:    Vehumet [******]
Gold:   3739       SH:  0    Dex:  8    Spells: 9/54 levels left

rFire    + . .     SeeInvis .   R - staff of earth
rCold    + + .     Gourm    .   w - +2 shield of Resistance {rF+ rC+ MR+}
rNeg     + + .     Faith    .   V - +2 ring mail {rC+}
rPois    ∞         Spirit   .   Y - +1 hat of Zyefihaz {Int+3}
rElec    +         Reflect  +   s - +0 cloak
rCorr    .         Harm     .   J - +0 pair of gloves
MR       +....                  U - +0 pair of boots
Stlth    ++........             E - amulet of reflection
HPRegen  0.35/turn              Z - ring of Nusuyr {rN+ Int+6 Dex-2 Stlth+}
MPRegen  0.28/turn              x - +6 ring of intelligence

@: paralysed, vulnerable, flying
A: big wings, negative energy resistance 1, electricity resistance, unbreathing,
petrification resistance, rot immunity, AC +18
}: 3/15 runes: decaying, abyssal, gossamer
a: Stop Flying, Renounce Religion


You were on level 5 of the Vaults.
You worshipped Vehumet.
Vehumet was exalted by your worship.
You were not hungry.

You visited 8 branches of the dungeon, and saw 40 of its levels.
You visited the Abyss 1 time.

You collected 5048 gold pieces.
You spent 1309 gold pieces at shops.

Inventory:

Missiles
 b - 327 stones (quivered)
 P - 208 sling bullets
Armour
 s - a +0 cloak (worn)
 w - the +2 shield of Resistance (worn) {rF+ rC+ MR+}
   (You found it on level 6 of the Lair of Beasts)

   It protects you from fire.
   It protects you from cold.
   It affects your resistance to hostile enchantments.
 J - a +0 pair of gloves (worn)
 U - a +0 pair of boots (worn)
 V - a +2 ring mail of cold resistance (worn)
 Y - the +1 hat of Zyefihaz (worn) {Int+3}
   (You bought it in a shop on level 2 of the Orcish Mines)

   It affects your intelligence (+3).
Magical Staves
 R - an uncursed staff of earth (weapon)
Jewellery
 x - a +6 ring of intelligence (right hand)
 B - an uncursed ring of protection from cold
 E - an amulet of reflection (around neck)
 O - a +4 ring of evasion
 Z - the ring of Nusuyr (left hand) {rN+ Int+6 Dex-2 Stlth+}
   (You took it off a deep elf high priest on level 3 of the Elven Halls)

   [ring of positive energy]

   It affects your intelligence (+6).
   It affects your dexterity (-2).
   It protects you from negative energy.
   It makes you more stealthy.
Wands
 c - a wand of iceblast (51)
 i - a wand of polymorph (6)
 j - a wand of digging (13)
 u - a wand of clouds (5)
 y - a wand of flame (53)
 A - a wand of paralysis (41)
 L - a wand of acid (14)
 T - a wand of disintegration (17)
Scrolls
 a - 17 scrolls of remove curse
 m - 4 scrolls of fear
 n - 9 scrolls of teleportation
 p - 5 scrolls of enchant armour
 v - 12 scrolls of identify
 C - 3 scrolls of amnesia
 F - a scroll of summoning
 N - 3 scrolls of enchant weapon
 Q - a scroll of magic mapping
 S - 2 scrolls of brand weapon
 W - a scroll of blinking
Potions
 e - 5 potions of cancellation
 f - 7 potions of brilliance
 g - 3 potions of magic
 k - 5 potions of might
 o - 18 potions of curing
 q - 8 potions of stabbing
 r - 6 potions of haste
 t - 6 potions of resistance
 D - 8 potions of lignification
 G - 5 potions of heal wounds
 M - 5 potions of mutation
Miscellaneous
 I - a phial of floods
 K - 4 phantom mirrors
 X - a phial of floods
Comestibles
 d - 38 rations
 h - 2 chunks of flesh


   Skills:
 + Level 15.4 Fighting
 + Level 9.2 Armour
 - Level 7.0 Dodging
 - Level 2.1 Stealth
 - Level 15.0 Shields
 + Level 15.6 Spellcasting
 + Level 18.4 Conjurations
 - Level 2.4 Translocations
 - Level 5.0 Transmutations
 - Level 5.2 Fire Magic
 - Level 24.0 Earth Magic
 - Level 7.4 Evocations


You had 9 spell levels left.
You knew the following spells:

 Your Spells              Type           Power        Failure   Level  Hunger
a - Sandblast             Erth           ######       0%          1    None
b - Stone Arrow           Conj/Erth      ######       0%          3    None
c - Petrify               Tmut/Erth      ########     1%          4    None
d - Lee's Rapid Deconstr  Erth           ########..   0%          5    None
e - Iron Shot             Conj/Erth      ########..   1%          6    None
f - Orb of Destruction    Conj           ########..   1%          7    ##.....
g - Fireball              Conj/Fire      #######...   1%          5    None
h - Mephitic Cloud        Conj/Pois/Air  ######..     1%          3    None
i - Blink                 Tloc           N/A          1%          2    None
j - Shatter               Erth           ########..   2%          9    ######.

Your spell library contained the following spells:

 Spells                   Type           Power        Failure   Level  Hunger
 Ignition                 Fire           ######....   95%         8    #####..
 Absolute Zero            Ice            ####......   100%        9    ######.
 Tornado                  Air            ####......   100%        9    ######.
 Foxfire                  Conj/Fire      ####         0%          1    None
 Magic Dart               Conj           ####         0%          1    None
 Passwall                 Tmut/Erth      ########     0%          2    None
 Corona                   Hex            ####...      1%          1    None
 Freeze                   Ice            ####         1%          1    None
 Infusion                 Chrm           ####         1%          1    None
 Shock                    Conj/Air       ####         1%          1    None
 Sting                    Tmut/Pois      ####         1%          1    None
 Summon Butterflies       Summ           ####....     1%          1    None
 Shroud of Golubria       Chrm/Tloc      #####.       1%          2    None
 Conjure Flame            Conj/Fire      #######.     1%          3    None
 Dazzling Flash           Conj/Hex       ######       1%          3    None
 Frozen Ramparts          Ice            ####..       1%          3    None
 Ignite Poison            Fire/Tmut/Pois ######..     1%          3    None
 Inner Flame              Hex/Fire       ######..     1%          3    None
 Static Discharge         Conj/Air       #######.     1%          3    None
 Hailstorm                Conj/Ice       #######.     1%          4    None
 Leda's Liquefaction      Hex/Erth       ########..   1%          4    None
 Sticky Flame             Conj/Fire      #######.     1%          4    None
 Bolt of Magma            Conj/Fire/Erth ########..   1%          5    None
 Irradiate                Conj/Tmut      #######...   1%          5    None
 Iskenderun's Battlesphe  Conj/Chrm      #######.     1%          5    None
 Lightning Bolt           Conj/Air       #######...   1%          5    None
 Conjure Ball Lightning   Conj/Air       #######...   1%          6    None
 Call Imp                 Summ           ####....     2%          2    None
 Corpse Rot               Necr/Air       N/A          2%          2    None
 Poisonous Vapours        Pois/Air       ####..       2%          2    None
 Slow                     Hex            ####....     2%          2    None
 Song of Slaying          Chrm           ####....     2%          2    None
 Swiftness                Chrm/Air       ####....     2%          2    None
 Portal Projectile        Hex/Tloc       #####.       3%          3    None
 Recall                   Summ/Tloc      N/A          3%          3    None
 Call Canine Familiar     Summ           ####....     4%          3    None
 Ozocubu's Armour         Chrm/Ice       ####....     4%          3    None
 Spectral Weapon          Hex/Chrm       ####....     4%          3    None
 Airstrike                Air            ####......   4%          4    None
 Olgreb's Toxic Radiance  Pois           ####....     4%          4    None
 Spellforged Servitor     Conj/Summ      #######...   9%          7    ##.....
 Cause Fear               Hex            ####......   17%         4    None
 Summon Ice Beast         Ice/Summ       ####....     17%         4    None
 Summon Lightning Spire   Summ/Air       ####....     17%         4    None
 Summon Forest            Summ/Tloc      #####.....   28%         5    None
 Hydra Form               Tmut           ######....   32%         6    None
 Aura of Abjuration       Summ           ####......   43%         5    None
 Silence                  Hex/Air        ####......   43%         5    None
 Summon Demon             Summ           ####......   43%         5    None
 Summon Mana Viper        Hex/Summ       ####....     43%         5    None
 Eringya's Noxious Bog    Tmut/Pois      ######....   65%         6    None
 Dragon Form              Tmut           ######....   87%         7    ##.....
 Shadow Creatures         Summ           N/A          95%         6    None
 Summon Hydra             Summ           ####......   100%        7    ##.....
 Dragon's Call            Summ           ####......   100%        9    ######.
 Statue Form              Tmut/Erth      Unusable     N/A         6    N/A

Dungeon Overview and Level Annotations

Branches:
Dungeon (15/15)            Temple (1/1) D:7            Lair (6/6) D:8
  Swamp (4/4) Lair:4       Spider (4/4) Lair:3        Slime (0/5) Lair:6
    Orc (2/2) D:11            Elf (3/3) Orc:2        Vaults (5/5) D:13
  Crypt (0/3) Vaults:2     Depths (0/5) D:15

Altars:
Cheibriados
Elyvilon
Gozag
Hepliaklqana
Kikubaaqudgha
Makhleb
Qazlal
Ru
Trog
Uskayaw
Vehumet
Wu Jian
Xom
Yredelemnul
Zin
Beogh

Shops:
D:13 *   Orc:2 *[!((   Elf:3 =

Portals:
Trove: Vaults:1 (give 6 scrolls of fog)

Annotations:
Elf:2 3 runed translucent doors


Innate Abilities, Weirdness & Mutations

You are resistant to torment.
Your stone body is resilient. (AC +18)
You are immune to poison.
Your large and strong wings let you fly indefinitely.
You resist negative energy. (rN+)
You are resistant to electric shocks. (rElec)
You can survive without breathing.
You are immune to petrification.
You are immune to rotting.


Message History

A battlesphere comes into view.
The phantasmal warrior hits you! The ettin completely misses you.
The ettin hits you but does no damage.
A red very ugly thing comes into view.
An ettin comes into view. It is wielding two +0 dire flails.
A storm dragon comes into view.
The stone giant throws a large rock.
The large rock hits you.
The red very ugly thing gurgles horribly!
A deep troll comes into view.
An ettin comes into view. It is wielding two +0 dire flails.
The vault sentinel blows a loud note on a signal horn!
The phantasmal warrior hits you!!
* * * LOW HITPOINT WARNING * * *
A great orb of eyes comes into view.
The ettin hits you but does no damage.
The ettin hits you with a +0 dire flail!
* * * LOW HITPOINT WARNING * * *
A deep elf demonologist comes into view.
It is wielding a +0 long sword.
The stone giant throws a large rock.
The large rock hits you!
You die...

.#.#G#.........?
#.#[.#....#.....
.....*.........[
#.......).X.....
.(.#)Q.[[..)..D)
(....[[........
##.....[[)[.#()#
.....C[<@C[[)...
...[[.eW.<[.[...
....%.D<<.C.....
......[.[.[..H..
##u.C..[.[...e[#
[[.....[...p.[.
#.#.........[.T
[........#.CeC#


You could see a tentacled monstrosity, 2 storm dragons, a frost giant, a red
very ugly thing, a fire giant, a sphinx, a stone giant, a tengu reaver, a great
orb of eyes, 3 ettins, a deep troll, 2 deep elf demonologists, a vault sentinel
(catching breath), a phantasmal warrior, a deep elf mage and a battlesphere.

Vanquished Creatures
  the Lernaean hydra (Swamp:4)
  Bai Suzhen (Vaults:4)
  A profane servitor (Abyss:3)
  Arachne (Spider:4)
  2 bone dragons
  A tentacled monstrosity (Vaults:5)
  2 deep elf blademasters (Elf:3)
  3 titans (Vaults:5)
  2 sphinxes
  2 deep elf master archers (Elf:3)
  Kirke (D:14)
  A tengu reaver (Vaults:5)
  Donald (Spider:4)
  A storm dragon (Vaults:4)
  7 vault wardens
  3 deep elf sorcerers
  4 frost giants
  Louise (D:15)
  Aizul (Spider:3)
  4 deep elf elementalists
  2 ghost moths
  2 orc warlords
  7 emperor scorpions
  6 ironheart preservers
  2 very ugly things
  7 stone giants
  10 entropy weavers
  The ghost of Hoynung the Protected, a journeyman MiMo of Ashenzari (D:15)
  9 deep elf demonologists
  2 spark wasps
  Azrael (D:15)
  2 dire elephants
  9 deep elf annihilators (Elf:3)
  Nessos (D:15)
  5 deep elf death magi
  An ettin (Vaults:4)
  A fire dragon (Vaults:4)
  Snorg (D:14)
  A crystal guardian (Vaults:4)
  3 great orbs of eyes
  10 yaktaur captains
  The ghost of Morgon the Severer, a journeyman DDBe of Trog (Lair:2)
  6 deep elf high priests
  Josephine (D:14)
  19 hydras
  2 rakshasas
  5 shambling mangroves
  9 centaur warriors
  2 ice dragons
  34 vault guards
  2 death knights (Vaults:3)
  22 dancing weapons
  2 catoblepae (Lair:6)
  16 alligators
  8 ogre magi
  33 two-headed ogres
  A thrashing horror (Abyss:3)
  6 tengu warriors
  A vampire mage (D:15)
  Sonja (D:13)
  17 deep elf knights
  A fire crab (shapeshifter) (Vaults:2)
  12 skeletal warriors
  A shadow wraith (Vaults:3)
  A spatial maelstrom (Abyss:3)
  5 unseen horrors
  8 deep trolls
  An unseen horror (shapeshifter) (Vaults:2)
  17 deep elf archers
  5 flayed ghosts
  12 swamp dragons
  2 spriggan druids
  3 glowing orange brains
  14 harpies
  22 ironbrand convokers
  4 lindwurms (Lair:6)
  53 deep elf magi
  6 wizards
  12 orb spiders
  9 orc sorcerers
  24 wolf spiders
  19 orc knights
  A necromancer (Spider:3)
  10 wolf spider zombies (Spider:3)
  3 oklob plants
  9 cyclopes
  5 ugly things
  3 manticores
  2 moths of wrath
  A salamander (D:15)
  14 elephants
  8 vault sentinels
  A guardian serpent (shapeshifter) (Vaults:4)
  A black mamba (shapeshifter) (D:15)
  8 black mambas
  7 torpor snails
  27 spiny frogs
  2 gargoyles (D:13)
  A hellion (Abyss:3)
  2 kobold demonologists
  9 rime drakes
  27 yaktaurs
  8 redback zombies
  An efreet (D:14)
  10 demonic crawlers
  4 komodo dragons
  A merfolk (shapeshifter) (Elf:1)
  A tengu conjurer (D:13)
  4 freezing wraiths
  8 trolls
  31 jumping spiders
  26 hornets
  4 polar bears
  2 wind drakes (shapeshifter) (Vaults:3)
  A queen bee (shapeshifter) (Elf:3)
  15 tyrant leeches
  Grinder (D:3)
  A raiju (Abyss:3)
  10 hippogriffs
  A blink frog (shapeshifter) (Abyss:3)
  15 bog bodies
  A meliai zombie (D:10)
  43 slime creatures
  4 dream sheep (Lair:6)
  A dream sheep (shapeshifter) (D:14)
  10 tarantella zombies (Spider:3)
  16 blink frogs
  2 frost giant simulacra
  19 tarantellas
  61 redbacks
  4 spriggans
  5 shadows
  8 wraiths
  60 yaks
  Sigmund (D:3)
  7 basilisks
  2 water elementals
  3 vampires
  2 hogs (shapeshifter)
  3 wyverns
  10 fire elementals
  A hungry ghost (D:14)
  3 steam dragons
  33 vampire mosquitoes
  15 swamp worms
  7 wargs
  11 insubstantial wisps
  2 hell hounds (D:15)
  A soldier ant (D:13)
  2 acid dragons
  7 water moccasins
  A floating eye (Lair:3)
  10 porcupines
  49 orc warriors
  19 swamp drakes
  3 sky beasts (D:11)
  2 ice beasts
  An eye of draining (D:9)
  2 black bears
  31 ogres
  2 phantoms
  14 boggarts
  A tengu (shapeshifter) (Vaults:4)
  15 wolves
  A small abomination (Abyss:3)
  17 centaurs
  A crocodile (shapeshifter) (Vaults:2)
  18 crocodiles
  10 bullfrogs
  4 big kobolds
  Blork the orc (D:5)
  A glowing shapeshifter simulacrum (Vaults:1)
  2 earth elementals (Elf:3)
  3 scorpions
  An elephant simulacrum (Lair:2)
  11 killer bees
  2 wights (D:14)
  2 electric eels
  5 howler monkeys
  3 vampire bats (D:9)
  2 rime drake simulacra (Lair:2)
  3 crimson imps
  A quasit (D:11)
  2 bullfrog zombies
  7 hounds
  36 orc wizards
  24 orc priests
  A water moccasin simulacrum (Lair:2)
  3 centaur skeletons
  An iron imp (Abyss:3)
  4 jellies
  7 bullfrog skeletons
  3 iguanas
  Natasha (thrice) (D:3)
  5 worker ants
  A bullfrog simulacrum (Lair:2)
  A porcupine simulacrum (Lair:2)
  A worker ant zombie (D:8)
  14 adders
  A crocodile simulacrum (Lair:2)
  2 shadow imps
  2 adder skeletons
  An adder zombie (D:6)
  A worm (D:3)
  A dart slug (D:3)
  A leopard gecko (D:2)
  109 orcs
  5 bat zombies (D:9)
  5 giant cockroaches
  7 goblins
  11 hobgoblins
  14 jackals
  29 kobolds
  5 quokkas
  4 ball pythons
  2 ball python skeletons (D:4)
  10 bats
  8 frilled lizards
  A jackal skeleton (D:4)
  2 jackal zombies (D:7)
  A quokka skeleton (D:7)
  6 rats
  4 fungi (Lair:2)
  A lurking horror (Abyss:3)
  5 plants
1760 creatures vanquished.

Vanquished Creatures (others)
  An ironheart preserver (Vaults:4)
  2 deep elf magi (Elf:1)
  2 hornets
  An ice beast (D:12)
  An ogre (Vaults:4)
  A wight (D:14)
  An orc (Orc:2)
  A bush (Swamp:4)
  33 fungi
  46 plants
89 creatures vanquished.

Grand Total: 1849 creatures vanquished

Notes
Turn   | Place    | Note
-------+----------+-------------------------------------------
     0 | D:1      | ringo67 the Gargoyle Earth Elementalist began the quest for
                  | the Orb.
     0 | D:1      | Reached XP level 1. HP: 10/10 MP: 3/3
   252 | D:1      | Reached XP level 2. HP: 16/16 MP: 3/5
   316 | D:1      | You fall into a shaft and drop 1 floor!
   377 | D:2      | Reached skill level 1 in Fighting
   778 | D:2      | Reached skill level 4 in Earth Magic
   853 | D:2      | Reached XP level 3. HP: 20/20 MP: 3/6
  2086 | D:2      | Learned a level 3 spell: Stone Arrow
  2168 | D:2      | Found a sacrificial altar of Ru.
  2238 | D:2      | Reached XP level 4. HP: 26/26 MP: 5/8
  2352 | D:3      | Noticed Grinder
  3114 | D:3      | Found a shimmering altar of Xom.
  3115 | D:3      | Found a burning altar of Makhleb.
  3120 | D:3      | Reached skill level 1 in Shields
  3120 | D:3      | Reached skill level 1 in Conjurations
  3120 | D:3      | Reached XP level 5. HP: 30/30 MP: 7/9
  3243 | D:3      | Paralysed by Grinder for 6 turns
  3534 | D:3      | Noticed Natasha
  3547 | D:3      | Killed Natasha
  3691 | D:3      | Noticed Sigmund
  4050 | D:4      | Reached skill level 5 in Earth Magic
  4067 | D:4      | Reached XP level 6. HP: 35/35 MP: 7/11
  4221 | D:4      | Noticed a phantom
  4410 | D:4      | Killed a phantom
  4612 | D:5      | Entered Level 5 of the Dungeon
  4869 | D:5      | Noticed an ice beast
  5042 | D:5      | Reached XP level 7. HP: 35/40 MP: 7/12
  5665 | D:5      | Reached skill level 6 in Earth Magic
  5728 | D:5      | Noticed Blork the orc
  5735 | D:5      | Killed Blork the orc
  5824 | D:5      | Got a bone war axe
  5825 | D:5      | Identified the cursed +2 war axe of Yguej {vorpal, +Fly
                  | Int+4} (You found it on level 5 of the Dungeon)
  6156 | D:3      | Killed Sigmund
  6156 | D:3      | Reached XP level 8. HP: 44/44 MP: 7/14
  6293 | D:3      | Killed Grinder
  6293 | D:3      | Reached skill level 1 in Armour
  6541 | D:3      | Noticed Natasha
  6546 | D:3      | Killed Natasha
  6682 | D:3      | Noticed Natasha
  6687 | D:3      | Killed Natasha
  6850 | D:6      | Reached skill level 5 in Spellcasting
  6850 | D:6      | Reached skill level 7 in Earth Magic
  6916 | D:6      | Reached skill level 5 in Conjurations
  7032 | D:6      | Got an encrusted leather armour
  7043 | D:6      | Identified the +2 leather armour of the Thistle {-Cast
                  | +Blink Regen+ Dex+4} (You found it on level 6 of the
                  | Dungeon)
  7346 | D:6      | Found a basalt altar of Yredelemnul.
  7347 | D:6      | Found an opulent altar of Gozag.
  7849 | D:7      | Reached XP level 9. HP: 47/51 MP: 13/16
  7873 | D:7      | Learned a level 4 spell: Petrify
  7879 | D:7      | Learned a level 5 spell: Lee's Rapid Deconstruction
  7908 | D:7      | Found a staircase to the Ecumenical Temple.
  7919 | Temple   | Entered the Ecumenical Temple
  7930 | Temple   | Became a worshipper of Vehumet
  7975 | D:7      | Reached skill level 1 in Transmutations
  8192 | D:7      | Reached skill level 8 in Earth Magic
  8337 | D:7      | Got an ichor-stained long sword
  8338 | D:7      | Identified the +7 long sword of Adiec {pain, rN+} (You
                  | found it on level 7 of the Dungeon)
  8890 | D:8      | Noticed a cyclops
  9070 | D:8      | Found a white marble altar of Elyvilon.
  9071 | D:8      | Found a snail-covered altar of Cheibriados.
  9071 | D:8      | Found a hide-covered altar of Uskayaw.
  9072 | D:8      | Found a glowing silver altar of Zin.
  9201 | D:8      | Reached * piety under Vehumet
  9201 | D:8      | Offered knowledge of Magic Dart by Vehumet.
  9276 | D:8      | Found a staircase to the Lair.
  9293 | D:8      | Reached skill level 5 in Fighting
  9580 | D:8      | Noticed a two-headed ogre
  9592 | D:8      | Killed a two-headed ogre
  9592 | D:8      | Reached skill level 9 in Earth Magic
  9592 | D:8      | Reached XP level 10. HP: 59/59 MP: 5/18
 10370 | D:9      | Found an ancient bone altar of Kikubaaqudgha.
 10586 | D:10     | Entered Level 10 of the Dungeon
 10657 | D:10     | Reached ** piety under Vehumet
 10657 | D:10     | Offered knowledge of Freeze by Vehumet.
 10919 | D:10     | Killed an unseen horror
 11735 | D:8      | Killed a cyclops
 11735 | D:8      | Reached skill level 10 in Earth Magic
 11735 | D:8      | Reached XP level 11. HP: 30/66 MP: 11/21
 11964 | Lair:1   | Entered Level 1 of the Lair of Beasts
 12252 | Lair:1   | Noticed a seven-headed hydra
 12363 | Lair:1   | Learned a level 6 spell: Iron Shot
 12374 | Lair:1   | Noticed a six-headed hydra
 12385 | Lair:1   | Killed a six-headed hydra
 12385 | Lair:1   | Reached skill level 5 in Transmutations
 13272 | Lair:1   | Killed a seven-headed hydra
 13615 | Lair:1   | Offered knowledge of Dazzling Flash by Vehumet.
 13615 | Lair:1   | Reached skill level 11 in Earth Magic
 13929 | Lair:2   | Noticed Morgon's ghost (journeyman DDBe)
 13984 | Lair:2   | Found a runed translucent gate.
 13984 | Lair:2   | Found a runed translucent gate.
 13984 | Lair:2   | Found a runed translucent gate.
 14003 | Lair:2   | Reached XP level 12. HP: 74/75 MP: 24/24
 14113 | Lair:2   | Reached *** piety under Vehumet
 14381 | Lair:2   | Noticed an eight-headed hydra
 14394 | Lair:2   | Killed an eight-headed hydra
 14568 | Lair:2   | Reached skill level 10 in Conjurations
 14964 | Lair:2   | Offered knowledge of Fulminant Prism by Vehumet.
 14971 | Lair:2   | Reached skill level 1 in Evocations
 15651 | Lair:3   | Reached skill level 12 in Earth Magic
 16037 | Lair:3   | Reached skill level 10 in Fighting
 16386 | Lair:3   | Found a hole to the Spider Nest.
 16787 | Lair:3   | Got a transparent leather armour
 16788 | Lair:3   | Identified the cursed +0 leather armour of Qevuump {rN++
                  | MR+} (You found it on level 3 of the Lair of Beasts)
 16995 | Lair:3   | Reached XP level 13. HP: 77/82 MP: 22/26
 17078 | Lair:3   | Reached **** piety under Vehumet
 17335 | Lair:3   | Offered knowledge of Yara's Violent Unravelling by Vehumet.
 17859 | Lair:4   | Found a staircase to the Swamp.
 17940 | Lair:4   | Reached skill level 13 in Earth Magic
 20451 | Lair:5   | Reached ***** piety under Vehumet
 20506 | Lair:5   | Offered knowledge of Freezing Cloud by Vehumet.
 21414 | Lair:5   | Reached skill level 5 in Dodging
 21769 | Lair:6   | Entered Level 6 of the Lair of Beasts
 21769 | Lair:6   | Found the +2 shield of Resistance {rF+ rC+ MR+}
 22289 | Lair:6   | Learned a level 7 spell: Orb of Destruction
 22621 | Lair:6   | Gained mutation: Your large and strong wings let you fly
                  | indefinitely. [Gargoyle growth]
 22621 | Lair:6   | Reached XP level 14. HP: 78/88 MP: 23/27
 22628 | Lair:6   | Reached skill level 10 in Spellcasting
 22849 | Lair:6   | Reached skill level 14 in Earth Magic
 23152 | Lair:6   | Reached skill level 5 in Shields
 23601 | Lair:6   | Noticed a dire elephant
 23630 | Lair:6   | Killed a dire elephant
 23931 | Lair:6   | Identified Haughuk's Tome of Talismans and Confrontation
 24572 | Lair:6   | Found a staircase to the Slime Pits.
 24626 | Lair:6   | Found a runed translucent door.
 26276 | D:11     | Offered knowledge of Starburst by Vehumet.
 26547 | D:11     | Found a staircase to the Orcish Mines.
 27387 | Orc:1    | Entered Level 1 of the Orcish Mines
 27388 | Orc:1    | Noticed an orc warlord
 27410 | D:11     | HP: 3/91 [orc wizard/magic dart (4)]
 27466 | D:11     | Killed an orc warlord
 28392 | Orc:1    | Paralysed by an orc sorcerer for 4 turns
 28404 | Orc:1    | Reached skill level 5 in Armour
 28404 | Orc:1    | Reached XP level 15. HP: 88/96 MP: 9/29
 28875 | Orc:2    | Entered Level 2 of the Orcish Mines
 29336 | Orc:2    | Found a roughly hewn altar of Beogh.
 29399 | Orc:2    | Found Ipir's Distillery.
 29414 | Orc:2    | Found a roughly hewn altar of Beogh.
 29521 | Orc:2    | Found a roughly hewn altar of Beogh.
 29589 | Orc:2    | Found a bloodstained altar of Trog.
 30137 | Orc:2    | Found Difoeco's General Store.
 30148 | Orc:2    | Found a staircase to the Elven Halls.
 30441 | Orc:2    | Found a roughly hewn altar of Beogh.
 30442 | Orc:2    | Found Tadoo's Antique Weapon Shop.
 30759 | Orc:2    | Noticed an orc warlord
 30805 | Orc:2    | Offered knowledge of Conjure Ball Lightning by Vehumet.
 30946 | Orc:2    | Killed an orc warlord
 31436 | Orc:2    | Paralysed by an orc sorcerer for 4 turns
 31553 | Orc:2    | Learned a level 5 spell: Fireball
 31758 | Orc:2    | Found Ycvececs's Antique Weapon Shop.
 31759 | Orc:2    | Found a roughly hewn altar of Beogh.
 31766 | Orc:2    | Found Nejuaw's Antique Armour Boutique.
 31896 | Orc:2    | Bought a potion of cancellation for 80 gold pieces
 31896 | Orc:2    | Bought a potion of heal wounds for 50 gold pieces
 31896 | Orc:2    | Bought a potion of cancellation for 80 gold pieces
 33478 | D:12     | Found a stormy altar of Qazlal.
 34169 | D:13     | Noticed Sonja
 34382 | D:13     | Found Beir's Changing Room.
 34412 | D:13     | Bought a book of Transfigurations for 550 gold pieces
 34688 | D:13     | Offered knowledge of Ozocubu's Refrigeration by Vehumet.
 34878 | D:13     | Killed Sonja
 35230 | D:13     | Reached skill level 15 in Earth Magic
 36315 | D:13     | Found a gate to the Vaults.
 36597 | D:14     | Reached skill level 10 in Shields
 37311 | D:14     | Reached XP level 16. HP: 90/101 MP: 20/31
 37576 | D:14     | Noticed Josephine
 37590 | D:14     | Killed Josephine
 37914 | D:14     | Noticed Kirke
 37920 | D:14     | Killed Kirke
 38113 | D:14     | Noticed Snorg
 38125 | D:14     | Killed Snorg
 38333 | D:15     | Entered Level 15 of the Dungeon
 38604 | D:15     | Noticed Azrael
 38897 | D:15     | Noticed Louise
 39055 | D:14     | Offered knowledge of Lightning Bolt by Vehumet.
 39340 | D:15     | Killed Azrael
 40179 | D:15     | Killed Louise
 40497 | D:15     | Found a staircase to the Depths.
 40714 | D:15     | Noticed Nessos
 40730 | D:15     | Killed Nessos
 40878 | D:15     | Found the +12 glaive of Prune {vorpal}
 41177 | D:15     | Found a runed translucent gate.
 41178 | D:15     | Found a runed translucent gate.
 41179 | D:15     | Found a runed translucent gate.
 41180 | D:15     | Noticed Hoynung's ghost (journeyman MiMo)
 41534 | Swamp:1  | Entered Level 1 of the Swamp
 41553 | Swamp:1  | Reached skill level 15 in Conjurations
 42318 | Swamp:1  | Offered knowledge of Freezing Cloud by Vehumet.
 44004 | Swamp:1  | Reached XP level 17. HP: 105/108 MP: 30/33
 44447 | Swamp:1  | Learned a level 3 spell: Mephitic Cloud
 45730 | Swamp:2  | Got a steaming ring mail
 45731 | Swamp:2  | Identified the +2 ring mail "Ohiupi" {Harm rF- Int+3 Dex+3}
                  | (You found it on level 2 of the Swamp)
 46095 | Swamp:2  | Offered knowledge of Lehudib's Crystal Spear by Vehumet.
 49009 | Swamp:3  | Found a white marble altar of Elyvilon.
 49593 | Swamp:4  | Entered Level 4 of the Swamp
 51045 | Swamp:4  | Reached skill level 16 in Earth Magic
 51104 | Swamp:4  | Noticed the 27-headed Lernaean hydra
 52155 | Swamp:4  | Killed the 27-headed Lernaean hydra
 52245 | Swamp:4  | Got a decaying rune of Zot
 52705 | Swamp:4  | Reached XP level 18. HP: 114/114 MP: 35/35
 53497 | Spider:1 | Entered Level 1 of the Spider Nest
 54582 | Spider:2 | Learned a level 2 spell: Blink
 55129 | Spider:2 | Reached skill level 1 in Translocations
 55408 | Spider:2 | Found a roughly hewn altar of Beogh.
 55993 | Spider:3 | Reached ****** piety under Vehumet
 56757 | Spider:4 | Entered Level 4 of the Spider Nest
 56785 | Spider:4 | Noticed Arachne
 57007 | Spider:3 | Offered knowledge of Tornado by Vehumet.
 57007 | Spider:3 | Offered knowledge of Ignition by Vehumet.
 57007 | Spider:3 | Offered knowledge of Absolute Zero by Vehumet.
 57448 | Spider:4 | Killed Arachne
 57448 | Spider:4 | Reached skill level 1 in Fire Magic
 57453 | Spider:4 | Noticed Donald
 57703 | Spider:4 | Killed Donald
 57837 | Spider:4 | Noticed Aizul
 58060 | Spider:3 | Killed Aizul
 59868 | Vaults:1 | Entered Level 1 of the Vaults
 59876 | Vaults:1 | Reached skill level 17 in Earth Magic
 60041 | Vaults:1 | Reached XP level 19. HP: 119/119 MP: 36/36
 60042 | Vaults:1 | Reached XP level 20. HP: 124/124 MP: 37/37
 60694 | Vaults:1 | Reached skill level 5 in Fire Magic
 60958 | Vaults:1 | Reached XP level 21. HP: 129/129 MP: 35/38
 60979 | Vaults:1 | Learned a level 9 spell: Shatter
 61329 | Vaults:1 | Reached skill level 15 in Shields
 61827 | Vaults:1 | Found a portal to a secret trove of treasure.
 62578 | Orc:2    | Bought the +1 hat of Zyefihaz {Int+3} for 379 gold pieces
 62578 | Orc:2    | Bought 2 potions of heal wounds for 170 gold pieces
 63942 | Vaults:2 | Reached skill level 18 in Earth Magic
 65207 | Vaults:2 | Reached skill level 19 in Earth Magic
 65493 | Vaults:2 | Noticed a bone dragon
 65507 | Vaults:2 | Killed a bone dragon
 65605 | Vaults:2 | Found a staircase to the Crypt.
 66126 | Vaults:3 | Reached skill level 20 in Earth Magic
 67297 | Vaults:3 | Reached XP level 22. HP: 135/135 MP: 24/40
 67310 | Vaults:3 | Reached skill level 21 in Earth Magic
 67588 | Vaults:3 | Identified the +3 quarterstaff of Tunan {freeze, rN+}
 68865 | Vaults:4 | Reached skill level 22 in Earth Magic
 69161 | Vaults:4 | Noticed Bai Suzhen
 69166 | Vaults:4 | Killed Bai Suzhen
 69932 | Vaults:4 | Reached skill level 23 in Earth Magic
 72481 | Spider:3 | Reached skill level 24 in Earth Magic
 72664 | Spider:4 | Reached XP level 23. HP: 140/140 MP: 29/41
 74014 | Spider:4 | Got a gossamer rune of Zot
 74766 | Elf:1    | Entered Level 1 of the Elven Halls
 76130 | Elf:2    | Cast into level 3 of the Abyss (+5 battleaxe of distortion)
 76228 | Abyss:3  | Found a transporter.
 76242 | Abyss:3  | Got an abyssal rune of Zot
 76243 | Abyss:3  | Found a transporter.
 76335 | Elf:2    | Escaped the Abyss
 76897 | Elf:2    | Found a runed translucent gate.
 76898 | Elf:2    | Found a runed translucent gate.
 76899 | Elf:2    | Found a runed translucent gate.
 77218 | Elf:3    | Entered Level 3 of the Elven Halls
 77835 | Elf:3    | Found Petoel's Jewellery Emporium.
 78389 | Elf:3    | Reached skill level 5 in Evocations
 78752 | Elf:3    | Identified the ring of Nusuyr {rN+ Int+6 Dex-2 Stlth+}
 78770 | Elf:3    | Identified the cursed +0 morningstar "Demonbane" {drain,
                  | +Blink MP+9 Str-3 Stlth+}
 78773 | Elf:3    | Identified the +6 mace "Qiulagg" {vorpal, rPois rC+}
 78775 | Elf:3    | Reached skill level 15 in Spellcasting
 78908 | Elf:3    | Reached XP level 24. HP: 149/149 MP: 16/42
 79135 | Elf:3    | Identified the cursed +0 great sword "Emmi" {freeze, +Rage
                  | rF+ Int+6}
 79866 | Lair:2   | Killed Morgon's ghost
 80325 | D:15     | Killed Hoynung's ghost
 80652 | Vaults:5 | Entered Level 5 of the Vaults
 80654 | Vaults:5 | Reached skill level 15 in Fighting
 80944 | Vaults:5 | Identified the +10 long sword of Grontol {freeze, rElec rC+
                  | rN+ Stlth-}
 81133 | Vaults:5 | Paralysed by a sphinx for 3 turns
 81135 | Vaults:5 | Hit by a large rock thrown by a stone giant

Illustrated notes

Levels and vault maps discovered:
D:1:      heliophobic_arrival_glass_houses, layout_rooms
D:2:      layout_basic, nicolae_ru_path_of_blood
D:3:      layout_basic, grunt_temple_overflow_champion_of_chaos,
          minmay_quadrilaterals, uniq_sigmund, uniq_grinder, uniq_natasha
D:4:      layout_rooms
D:5:      layout_basic, first_ration, minmay_diced_spiral, uniq_blork_the_orc
D:6:      layout_loops_ring, nicolae_overflow_hidden_temple,
          chequers_decorated_corner
D:7:      layout_gridville, temple_pool_b, roderic_malta_cross,
          serial_bayou_crossing
D:8:      layout_rooms, chequers_temple_overflow_statue_of_worship,
          erik_lair_dragon
D:9:      layout_rooms, kennysheep_vampire_church
D:10:     layout_loops_ring, grunt_ogre_cave, grunt_decor_fettered,
          corner_web_ring
D:11:     layout_irregular_city, orc_0_dummy, nooodl_food_tri
D:12:     layout_stronghold, basic_altar
D:13:     layout_irregular_city, grunt_vaults_entry_fortified,
          nicolae_transmutations_shop, uniq_sonja
D:14:     layout_cave_pools, infiniplex_staircase_pillars_1, uniq_josephine,
          uniq_kirke, uniq_snorg
D:15:     hangedman_depths_entry_try_elsewhere_first, layout_basic,
          gammafunk_ghost_hydra_chop, abandoned_shop,
          minmay_guarded_unrand_prune, uniq_azrael, uniq_louise, uniq_nessos
Temple:   chequers_temple_sunken
Lair:1:   layout_chaotic_city, serial_bayou, serial_bayou_pond_b,
          serial_bayou_pond_e, serial_bayou_pond_e, serial_bayou_ford_a
Lair:2:   layout_long_grid, gammafunk_ghost_icy
Lair:3:   layout_cave_pods, spider_nest_entry_webs, disabler_island,
          serial_bayou_shore_a, serial_bayou_shore_b
Lair:4:   layout_roguey, minmay_swamp_entry_reptiles, cheibrodos_lair_lostbears
Lair:5:   layout_hall_layers, cheibrodos_lair_reptile_den, grunt_megastairs_1
Lair:6:   hangedman_lair_in_review, layout_loops_ring, wormcave, slime_dummy,
          guppyfry_lair_drakes
Swamp:1:  layout_falls_marsh, hangedman_swamp_cone,
          nicolae_swamp_oklob_treasure_island
Swamp:2:  layout_falls_marsh, evilmike_swamp_ruin_house_5,
          infiniplex_staircase_pool
Swamp:3:  layout_basic_swamp, basic_altar
Swamp:4:  grunt_swamp_rune_castle, layout_basic_swamp
Spider:1: layout_spider_delve, drop_trap
Spider:2: nicolae_spider_mines_2
Spider:3: lemuel_spider_zombies, guppyfry_spider_mini_3
Spider:4: guppyfry_spider_rune, uniq_aizul, uniq_arachne, uniq_donald
Orc:1:    layout_diamond_mine
Orc:2:    grunt_orc_community_town_hall, layout_diamond_mine,
          grunt_orc_community_big_house_1, grunt_orc_community_big_house_1,
          grunt_orc_community_house_1, grunt_orc_community_house_2,
          grunt_orc_community_house_2, grunt_orc_community_house_2,
          serial_shops, shop, bloody_trog
Elf:1:    eino_elf_arrival_sip, layout_geoelf_octagon, minivault_28
Elf:2:    layout_onion_city, minmay_strange_pillars,
          serial_sigils_hangedman_scratch, minivault_14
Elf:3:    grunt_elf_hall_asides, layout_geoelf_octagon, serial_shops, shop,
          st_stairs_3
Vaults:1: nicolae_vaults_murderbox, nicolae_vaults_puzzle_piece,
          vaults_room_stairs_pillars, nicolae_vaults_rhombus_7,
          vaults_room_door_ring, ontoclasm_vaults_bender, ontoclasm_vaults_spin,
          vaults_room_grid, nicolae_vaults_little_ls, vaults_mumra_chevron,
          layout_vaults_big_room, nicolae_trove_entry_diagonal
Vaults:2: hangedman_vaults_stretched_pinwheel, hangedman_vaults_unwind,
          v_misc_11, minmay_crypt_entry_nasty_monster, v_misc_18,
          hangedman_vaults_maws, dpeg_vaults_monster_box,
          layout_vaults_quadrants
Vaults:3: vaults_dpeg_diagonal, ontoclasm_vaults_loading_screen,
          nicolae_vaults_twisting_passages, vaults_room_guarded_vault,
          vaults_dpeg_doors, vaults_dpeg_ring, nicolae_vaults_what_the_h,
          ontoclasm_vaults_gateway, v_misc_8, v_alt_pattern_6,
          vaults_room_pools, layout_vaults_ring
Vaults:4: hangedman_vaults_slice, nicolae_vaults_network_square,
          hangedman_vaults_nails, v_rooms_1, grunt_vaults_bifocal,
          st_spiral_rooms, hangedman_vaults_stretched_pinwheel,
          vaults_dpeg_hooks, v_misc_25, hangedman_vaults_corner,
          nicolae_vaults_asterisk, ontoclasm_vaults_ligature,
          vaults_room_stairs_pillars, layout_vaults_omnicross, uniq_bai_suzhen
Vaults:5: uniq_mennas

Skill      XL: |  1  2  3  4  5  6  7  8  9 10 11 12 13 14 15 16 17 18 19 20 21 22 23 24 |
---------------+-------------------------------------------------------------------------+-----
Fighting       | 1 2 3 5 6 8 10 11 12 13 14 15 | 15.4
Earth Magic    | 4 5 6 7 9 10 11 12 13 14 15 16 17 20 24 | 24.0
Shields        | 1 2 3 4 8 10 12 13 14 15 | 15.0
Spellcasting   | 3 4 5 6 8 9 10 11 12 13 14 15 | 15.6
Conjurations   | 1 2 4 5 7 8 9 10 11 12 14 15 16 17 18 | 18.4
Armour         | 3 5 7 9 |  9.2
Transmutations | 3 4 5 |  5.0
Evocations     | 3 4 5 7 |  7.4
Dodging        | 2 5 6 7 |  7.0
Translocations | 2 |  2.4
Fire Magic     | 4 5 |  5.2
Stealth        | |  2.1

Action                   |  1- 3 |  4- 6 |  7- 9 | 10-12 | 13-15 | 16-18 | 19-21 | 22-24 || total
-------------------------+-------+-------+-------+-------+-------+-------+-------+-------++-------
Melee: Club              |    47 |       |       |       |       |       |       |       ||    47
       Whip              |     1 |    96 |    13 |       |       |       |       |       ||   110
       War axe           |       |       |   173 |   213 |   434 |       |       |       ||   820
       Staff             |       |       |       |    15 |   728 |  1299 |   276 |   644 ||  2962
 Cast: Sandblast         |    58 |    59 |    79 |   255 |   146 |   372 |   120 |    98 ||  1187
       Stone Arrow       |       |       |    14 |    34 |   371 |   430 |   181 |   254 ||  1284
       Petrify           |       |       |       |     3 |     1 |    21 |       |     4 ||    29
       Iron Shot         |       |       |       |     1 |    32 |    78 |    10 |    64 ||   185
       Lee's Rapid Decon |       |       |       |       |    79 |    12 |    65 |    80 ||   236
       Fireball          |       |       |       |       |     6 |    25 |     9 |    10 ||    50
       Orb of Destructio |       |       |       |       |     5 |    20 |       |     2 ||    27
       Shatter           |       |       |       |       |       |       |       |    14 ||    14
 Abil: Fly               |       |       |       |       |     1 |       |       |       ||     1
Evoke: Wand              |       |       |       |       |       |     2 |       |     4 ||     6
  Use: Scroll            |     5 |     1 |     6 |     6 |    16 |    16 |     1 |     4 ||    55
       Potion            |       |       |       |       |     2 |     1 |     1 |     5 ||     9
 Stab: Sleeping          |       |       |       |     2 |       |       |       |       ||     2
       Petrified         |       |       |       |       |     5 |    29 |       |       ||    34
       Petrifying        |       |       |       |       |       |     2 |       |       ||     2
  Eat: Chunk             |     5 |     8 |    15 |    23 |    58 |    39 |    19 |    28 ||   195
       Ration            |       |       |       |       |     9 |    18 |     1 |     8 ||    36
Armor: Robe              |    22 |    51 |    91 |   118 |   206 |       |       |       ||   488
       Ring mail         |       |       |       |       |   471 |   998 |   165 |   516 ||  2150
Dodge: Dodged            |    53 |    60 |   126 |   194 |   785 |  1111 |   208 |   528 ||  3065
Block: Buckler           |       |    36 |   139 |   261 |  1066 |       |       |       ||  1502
       Reflection        |       |       |     6 |     3 |    50 |    29 |    61 |    75 ||   224
       Kite shield       |       |       |       |       |   147 |  2325 |   517 |  1112 ||  4101
